TOP OF THE 1ST |
West Virginia Power batting - Pitching for Beaumont Roughnecks : RHP Cliff Long
|
Pitching: RHP Cliff Long
|
|
Batting: LHB Júlio Martínez
|
0-0: Ground out 4-3 (Groundball, 4)
|
Batting: SHB Clint Woods
|
0-0: Called Strike 0-1: Ground out 4-3 (Groundball, 4S)
|
Batting: RHB Dave McGrath
|
0-0: Called Strike 0-1: Foul Ball, location: 2F 0-2: Strikes out swinging
|
Top of the 1st over - 0 run(s), 0 hit(s), 0 error(s), 0 left on base; West Virginia 0 - Beaumont 0 |
BOTTOM OF THE 1ST |
Beaumont Roughnecks batting - Pitching for West Virginia Power : RHP Horace Jacobs
|
Pitching: RHP Horace Jacobs
|
|
Batting: LHB Tony Rivera
|
0-0: Ball 1-0: Ball 2-0: Fly out, F8 (Flyball, 89XD)
|
Batting: LHB Bernardo Morales
|
0-0: Ball 1-0: Ball 2-0: Swinging Strike 2-1: Foul Ball, location: 2F 2-2: Ball 3-2: Ground out U3 (Groundball, 3)
|
Batting: RHB Anthony Hezell
|
0-0: Called Strike 0-1: Ball 1-1: Ground out 3-1 (Groundball, 34S)
|
Bottom of the 1st over - 0 run(s), 0 hit(s), 0 error(s), 0 left on base; West Virginia 0 - Beaumont 0 |
TOP OF THE 2ND |
West Virginia Power batting - Pitching for Beaumont Roughnecks : RHP Cliff Long
|
Batting: RHB Tony Parker
|
0-0: Ground out U3 (Groundball, 3S)
|
Batting: LHB Héctor Soto
|
0-0: Ball 1-0: Ground out 4-3 (Groundball, 34)
|
Batting: RHB Aaron Murray
|
0-0: Called Strike 0-1: Foul Ball, location: 2F 0-2: Strikes out swinging
|
Top of the 2nd over - 0 run(s), 0 hit(s), 0 error(s), 0 left on base; West Virginia 0 - Beaumont 0 |
BOTTOM OF THE 2ND |
Beaumont Roughnecks batting - Pitching for West Virginia Power : RHP Horace Jacobs
|
Batting: LHB Cam Flowers
|
0-0: Called Strike 0-1: Swinging Strike 0-2: Strikes out swinging
|
Batting: RHB Jeff Mason
|
0-0: Fly out, F6 (Line Drive, 6M)
|
Batting: RHB Miguel Costa
|
0-0: Called Strike 0-1: Swinging Strike 0-2: Ball 1-2: Strikes out swinging
|
Bottom of the 2nd over - 0 run(s), 0 hit(s), 0 error(s), 0 left on base; West Virginia 0 - Beaumont 0 |
TOP OF THE 3RD |
West Virginia Power batting - Pitching for Beaumont Roughnecks : RHP Cliff Long
|
Batting: RHB Jesse McKnight
|
0-0: Swinging Strike 0-1: Ball 1-1: Ball 2-1: Called Strike 2-2: Ball 3-2: DOUBLE (Line Drive, 7LM)
|
Batting: SHB Waylon Adams
|
0-0: Foul Ball, location: 2F 0-1: Swinging Strike 0-2: Ball 1-2: Strikes out swinging passed ball, reaches first! Jesse McKnight to third
|
Batting: RHB Roberto Tobías
|
0-0: Called Strike 0-1: Ball 1-1: Ball 2-1: Called Strike 2-2: DOUBLE (Groundball, 3L) Jesse McKnight scores Waylon Adams to third
|
Batting: LHB Júlio Martínez
|
0-0: Called Strike 0-1: Ball 1-1: Swinging Strike 1-2: Ball 2-2: Ball 3-2: Strikes out swinging
|
Batting: SHB Clint Woods
|
0-0: Ball 1-0: Called Strike 1-1: Called Strike 1-2: Foul Ball, location: 2F 1-2: SINGLE (Line Drive, 34) Waylon Adams scores Roberto Tobías to third
|
Batting: RHB Dave McGrath
|
0-0: Ball 1-0: Called Strike 1-1: Called Strike 1-2: Foul Ball, location: 2F 1-2: Ball 2-2: Foul Ball, location: 2F 2-2: Strikes out swinging
|
Batting: RHB Tony Parker
|
0-0: Ground out U3 (Groundball, 34S)
|
Top of the 3rd over - 2 run(s), 3 hit(s), 0 error(s), 2 left on base; West Virginia 2 - Beaumont 0 |
BOTTOM OF THE 3RD |
Beaumont Roughnecks batting - Pitching for West Virginia Power : RHP Horace Jacobs
|
Batting: SHB Keith Gratton
|
0-0: Ball 1-0: Ball 2-0: Ball 3-0: Base on Balls
|
Batting: LHB Enrique Cruz
|
0-0: Called Strike 0-1: Ball 1-1: Foul Ball, location: 2F 1-2: Fly out, F9 (Flyball, 9LM)
|
Batting: RHB Albert Alemán
|
0-0: Ball 1-0: Swinging Strike 1-1: Foul Ball, location: 2F 1-2: Strikes out looking
|
Batting: LHB Tony Rivera
|
0-0: Called Strike 0-1: Foul Ball, location: 2F 0-2: Ball 1-2: Foul Ball, location: 2F 1-2: Fielders Choice at 2nd, 4-6 (Groundball, 4)
|
Bottom of the 3rd over - 0 run(s), 0 hit(s), 0 error(s), 0 left on base; West Virginia 2 - Beaumont 0 |
TOP OF THE 4TH |
West Virginia Power batting - Pitching for Beaumont Roughnecks : RHP Cliff Long
|
Batting: LHB Héctor Soto
|
0-0: Called Strike 0-1: Swinging Strike 0-2: Ball 1-2: Ball 2-2: Strikes out swinging
|
Batting: RHB Aaron Murray
|
0-0: Foul Ball, location: 2F 0-1: Fly out, F4 (Popup, 34D)
|
Batting: RHB Jesse McKnight
|
0-0: Foul Ball, location: 2F 0-1: Ball 1-1: Foul Ball, location: 2F 1-2: Ball 2-2: Ball 3-2: Strikes out swinging
|
Top of the 4th over - 0 run(s), 0 hit(s), 0 error(s), 0 left on base; West Virginia 2 - Beaumont 0 |
BOTTOM OF THE 4TH |
Beaumont Roughnecks batting - Pitching for West Virginia Power : RHP Horace Jacobs
|
Batting: LHB Bernardo Morales
|
0-0: Ball 1-0: Ball 2-0: SOLO HOME RUN (Flyball, 8LXD) (Inside the Park)
|
Batting: RHB Anthony Hezell
|
0-0: Ball 1-0: Swinging Strike 1-1: Ground out 4-3 (Groundball, 4)
|
Batting: LHB Cam Flowers
|
0-0: Foul Ball, location: 2F 0-1: Foul Ball, location: 2F 0-2: Ball 1-2: Foul Ball, location: 2F 1-2: Ball 2-2: Strikes out swinging
|
Batting: RHB Jeff Mason
|
0-0: Ball 1-0: Called Strike 1-1: Swinging Strike 1-2: Strikes out swinging
|
Bottom of the 4th over - 1 run(s), 1 hit(s), 0 error(s), 0 left on base; West Virginia 2 - Beaumont 1 |
TOP OF THE 5TH |
West Virginia Power batting - Pitching for Beaumont Roughnecks : RHP Cliff Long
|
Batting: SHB Waylon Adams
|
0-0: Called Strike 0-1: Ground out U3 (Groundball, 34)
|
Batting: RHB Roberto Tobías
|
0-0: Foul Ball, location: 2F 0-1: Foul Ball, location: 2F 0-2: Ball 1-2: Ball 2-2: Ball 3-2: Foul Ball, location: 2F 3-2: Fly out, F9 (Flyball, 9S)
|
Batting: LHB Júlio Martínez
|
0-0: Fly out, F7 (Flyball, 78M)
|
Top of the 5th over - 0 run(s), 0 hit(s), 0 error(s), 0 left on base; West Virginia 2 - Beaumont 1 |
BOTTOM OF THE 5TH |
Beaumont Roughnecks batting - Pitching for West Virginia Power : RHP Horace Jacobs
|
Batting: RHB Miguel Costa
|
0-0: Bunted foul 0-1: Ball 1-1: Foul Ball, location: 2F 1-2: SINGLE (Line Drive, 8LS)
|
Batting: SHB Keith Gratton
|
0-0: Ball 1-0: Foul Ball, location: 2F 1-1: Called Strike 1-2: Strikes out swinging
|
Batting: LHB Enrique Cruz
|
0-0: Ball 1-0: Ball 2-0: Ball 3-0: Called Strike 3-1: Called Strike 3-2: Strikes out swinging
|
Batting: RHB Albert Alemán
|
0-0: Foul Ball, location: 2F 0-1: Fielders Choice at 2nd, 6-4 (Groundball, 6)
|
Bottom of the 5th over - 0 run(s), 1 hit(s), 0 error(s), 0 left on base; West Virginia 2 - Beaumont 1 |
BOTTOM OF THE 6TH |
Beaumont Roughnecks batting - Pitching for West Virginia Power : RHP Horace Jacobs
|
Batting: LHB Tony Rivera
|
0-0: Foul Ball, location: 2F 0-1: Fly out, F8 (Flyball, 8LD)
|
Batting: LHB Bernardo Morales
|
0-0: Fly out, F7 (Flyball, 7LS)
|
Batting: RHB Anthony Hezell
|
0-0: Ball 1-0: Called Strike 1-1: Fly out, F7 (Flyball, 7S)
|
Bottom of the 6th over - 0 run(s), 0 hit(s), 0 error(s), 0 left on base; West Virginia 4 - Beaumont 1 |
TOP OF THE 7TH |
West Virginia Power batting - Pitching for Beaumont Roughnecks : RHP Jeff Thompson
|
Batting: RHB Roberto Tobías
|
0-0: Ball 1-0: Called Strike 1-1: Ball 2-1: Ground out 4-3 (Groundball, 4)
|
Batting: LHB Júlio Martínez
|
0-0: Ball 1-0: Foul Ball, location: 2F 1-1: Fly out, F9 (Flyball, 89D)
|
Batting: SHB Clint Woods
|
0-0: Ball 1-0: Ball 2-0: Foul Ball, location: 2F 2-1: Swinging Strike 2-2: Ball 3-2: Strikes out swinging
|
Top of the 7th over - 0 run(s), 0 hit(s), 0 error(s), 0 left on base; West Virginia 4 - Beaumont 1 |
BOTTOM OF THE 7TH |
Beaumont Roughnecks batting - Pitching for West Virginia Power : RHP Horace Jacobs
|
Batting: LHB Cam Flowers
|
0-0: Foul Ball, location: 2F 0-1: Ball 1-1: Called Strike 1-2: Strikes out swinging
|
Batting: RHB Jeff Mason
|
0-0: Foul Ball, location: 2F 0-1: Ball 1-1: Ball 2-1: Foul Ball, location: 2F 2-2: Foul Ball, location: 2F 2-2: Foul Ball, location: 2F 2-2: Ground out 5-3 (Groundball, 25)
|
Batting: RHB Miguel Costa
|
0-0: Foul Ball, location: 2F 0-1: Foul Ball, location: 2F 0-2: Ground out 5-3 (Groundball, 56)
|
Bottom of the 7th over - 0 run(s), 0 hit(s), 0 error(s), 0 left on base; West Virginia 4 - Beaumont 1 |
TOP OF THE 8TH |
West Virginia Power batting - Pitching for Beaumont Roughnecks : RHP Jeff Thompson
|
Batting: RHB Dave McGrath
|
0-0: Ball 1-0: Ball 2-0: Ball 3-0: Base on Balls
|
Batting: RHB Tony Parker
|
0-0: Called Strike 0-1: Fly out, F8 (Line Drive, 8LM)
|
Batting: LHB Héctor Soto
|
0-0: Called Strike 0-1: Ball 1-1: Foul Ball, location: 2F 1-2: Strikes out looking
|
Batting: RHB Aaron Murray
|
0-0: Ball 1-0: Swinging Strike 1-1: Ball 2-1: Swinging Strike 2-2: Foul Ball, location: 2F 2-2: Ball 3-2: Strikes out swinging
|
Top of the 8th over - 0 run(s), 0 hit(s), 0 error(s), 1 left on base; West Virginia 4 - Beaumont 1 |
BOTTOM OF THE 8TH |
Beaumont Roughnecks batting - Pitching for West Virginia Power : RHP Horace Jacobs
|
Batting: SHB Keith Gratton
|
0-0: Ball 1-0: Swinging Strike 1-1: Called Strike 1-2: Ball 2-2: Ground out 5-3 (Groundball, 56)
|
Batting: LHB Enrique Cruz
|
0-0: Swinging Strike 0-1: Ball 1-1: Fly out, F8 (Flyball, 8LM)
|
Batting: RHB Albert Alemán
|
0-0: Ball 1-0: Ball 2-0: Foul Ball, location: 2F 2-1: Called Strike 2-2: Ball 3-2: Fly out, F9 (Flyball, 9)
|
Bottom of the 8th over - 0 run(s), 0 hit(s), 0 error(s), 0 left on base; West Virginia 4 - Beaumont 1 |
TOP OF THE 9TH |
West Virginia Power batting - Pitching for Beaumont Roughnecks : RHP Jeff Thompson
|
Batting: RHB Jesse McKnight
|
0-0: Foul Ball, location: 2F 0-1: Foul Ball, location: 2F 0-2: Ball 1-2: Fly out, F9 (Flyball, 89M)
|
Batting: SHB Waylon Adams
|
0-0: Called Strike 0-1: Ball 1-1: Ball 2-1: Foul Ball, location: 2F 2-2: Ball 3-2: Fly out, F9 (Flyball, 9S)
|
Pitching: RHP Dave Hammond
|
|
Batting: RHB Roberto Tobías
|
0-0: Ball 1-0: Fly out, F8 (Flyball, 78D)
|
Top of the 9th over - 0 run(s), 0 hit(s), 0 error(s), 0 left on base; West Virginia 4 - Beaumont 1 |
BOTTOM OF THE 9TH |
Beaumont Roughnecks batting - Pitching for West Virginia Power : RHP Horace Jacobs
|
Pitching: RHP Steve Snyder
|
|
Batting: LHB Tony Rivera
|
0-0: Foul Ball, location: 2F 0-1: Ball 1-1: Ball 2-1: Ball 3-1: Swinging Strike 3-2: SINGLE (Line Drive, 89S)
|
Batting: LHB Bernardo Morales
|
0-0: Ball 1-0: Ball 2-0: Ball 3-0: Base on Balls Tony Rivera to second
|
Batting: RHB Anthony Hezell
|
0-0: Ball 1-0: SINGLE (Line Drive, 56) Tony Rivera to third Bernardo Morales to second Runner from 3rd tries for Home, SAFE, no throw
|
Batting: LHB Cam Flowers
|
0-0: Foul Ball, location: 2F 0-1: Ball 1-1: Ball 2-1: Fly out, F7 (Flyball, 78M)
|
Batting: RHB Jeff Mason
|
0-0: Swinging Strike 0-1: Ball 1-1: SINGLE (Groundball, 56D) Bernardo Morales to third Anthony Hezell to second
|
Batting: RHB Miguel Costa
|
0-0: Ground out 5-3 (Groundball, 56S) Bernardo Morales scores Anthony Hezell to third Jeff Mason to second
|
Batting: SHB Keith Gratton
|
0-0: Ball 1-0: Swinging Strike 1-1: Fly out, F7 (Flyball, 7S)
|
Bottom of the 9th over - 2 run(s), 3 hit(s), 0 error(s), 2 left on base; West Virginia 4 - Beaumont 3 |
|